 Dungeon Crawl Stone Soup version 0.21-a0-369-g397cdb2 (webtiles) character file.

338 Humpert the Covert (level 6, 0/32 HPs)
             Began as a Spriggan Assassin on Oct 15, 2017.
             Slain by an adder (1 damage)
             ... on level 4 of the Dungeon.
             The game lasted 00:19:05 (7726 turns).

Humpert the Covert (Spriggan Assassin)              Turns: 7726, Time: 00:19:06

Health: 0/32       AC:  3    Str: 12    XL:     6   Next: 29%
Magic:  7/7        EV: 19    Int: 18    God:
Gold:   146        SH:  0    Dex: 19    Spells: 5/5 levels left

rFire    + . .     SeeInvis +   z - -2 dagger (curse)
rCold    . . .     Gourm    .   (shield restricted)
rNeg     . . .     Faith    .   c - +0 robe
rPois    .         Spirit   .   (helmet restricted)
rElec    +         Reflect  .   d - +0 cloak
rCorr    .         Harm     .   (gloves unavailable)
MR       +....                  (boots unavailable)
Stlth    ++++......             (no amulet)
HPRegen  0.10/turn              (no ring)
MPRegen  0.10/turn              (no ring)

@: mighty, brilliant, lethally poisoned (0 -> -4), very quick
A: unfitting armour, see invisible, fire resistance 1, herbivore 3, speed 3,
electricity resistance, slow metabolism 2
a: no special abilities


You were on level 4 of the Dungeon.
You were not hungry.

You visited 1 branch of the dungeon, and saw 4 of its levels.

You collected 146 gold pieces.

Inventory:

Hand Weapons
 a - a +2 dagger
 b - a +0 blowgun
 k - a +5 short sword of venom
 y - a +1 dagger of speed
 z - a cursed -2 dagger (weapon)
Missiles
 f - a poisoned needle
 x - a curare-tipped needle
Armour
 c - a +0 robe (worn)
 d - a +0 cloak (worn)
Jewellery
 o - an uncursed ring of protection from magic
 r - a cursed amulet of inaccuracy
Scrolls
 e - a scroll of magic mapping
 j - a scroll of enchant weapon
 n - 2 scrolls of teleportation
 u - 2 scrolls of recharging
Potions
 h - a potion of agility
 t - a potion of might
 v - a potion of curing {unknown}
 w - a potion of heal wounds {unknown}
Comestibles
 g - 3 bread rations
 i - a royal jelly


   Skills:
 + Level 2.7 Fighting
 + Level 3.8 Short Blades
 + Level 3.2 Throwing
 + Level 3.8 Dodging
 + Level 8.0 Stealth


You had 5 spell levels left.
You didn't know any spells.

Dungeon Overview and Level Annotations

Branches:
Dungeon (4/15)
 Temple: D:4-7

Altars:
Kikubaaqudgha
Nemelex Xobeh
Okawaru
Ru
Zin

Annotations:
D:3 Robin


Innate Abilities, Weirdness & Mutations

You are very small and have problems with some larger weapons.
You are too small for most types of armour.
You have supernaturally acute eyesight. (SInv)
You are a herbivore.
You cover ground extremely quickly.
You need consume almost no food.
Your flesh is heat resistant. (rF+)
You are resistant to electric shocks. (rElec)


Message History

a club; an enchanted dagger; a scale mail; an orc corpse; an orc skeleton
* * * LOW HITPOINT WARNING * * *
You feel sick.
You see here 18 sling bullets.
* * * LOW HITPOINT WARNING * * *
You feel sick.
* * * LOW HITPOINT WARNING * * *
You feel sick.
It was a potion of might.
You feel very mighty all of a sudden.
* * * LOW HITPOINT WARNING * * *
You feel sick.
It was a potion of mutation.
You feel extremely strange.
You feel insulated.
You feel resistant to heat.
It was a potion of brilliance.
You feel clever all of a sudden.
* * * LOW HITPOINT WARNING * * *
You feel sick. The adder barely misses you.
It was a potion of magic.
Magic courses through your body. The adder bites you.
You die...

###.##)..# ##........##
##...#....# #..........#
........#.## #...(......#
.....##....# #.....)....#
...#.[..##.####..........#
.........................#
#####.......###.........##
#...####..............##
###.#####.......@........#
#....>..#.#.##..S........#
..........#.##...........#
...####s..#.##...........#
#### ###....#...........#
###..#..........## #######
#..###.......##
......######..##(#######
........†.....##.#


You could see an adder.

Vanquished Creatures
  An ogre (D:4)
  An orc priest (D:2)
  An orc wizard (D:3)
  Jessica (D:3)
  A worker ant (D:3)
  An adder (D:3)
  An ooze (D:1)
  2 worms
  2 dart slugs
  3 leopard geckos
  10 orcs
  A ball python (D:3)
  10 bats
  6 giant cockroaches
  11 goblins
  12 hobgoblins
  14 jackals
  2 quokkas
  6 frilled lizards
  8 kobolds
  10 rats
104 creatures vanquished.

Notes
Turn   | Place    | Note
-------+----------+-------------------------------------------
     0 | D:1      | Humpert the Spriggan Assassin began the quest for the Orb.
     0 | D:1      | Reached XP level 1. HP: 10/10 MP: 2/2
    39 | D:1      | Reached skill level 6 in Stealth
   220 | D:1      | Reached XP level 2. HP: 15/15 MP: 3/3
   970 | D:1      | Reached XP level 3. HP: 18/18 MP: 4/4
  1292 | D:1      | Reached skill level 7 in Stealth
  2130 | D:2      | Found a glowing silver altar of Zin.
  2256 | D:2      | Reached XP level 4. HP: 9/23 MP: 5/5
  2542 | D:2      | Found an iron altar of Okawaru.
  2919 | D:2      | Found a sacrificial altar of Ru.
  2919 | D:2      | Found a sparkling altar of Nemelex Xobeh.
  2924 | D:2      | Found a faded altar of an unknown god.
  2926 | D:2      | Found an ancient bone altar of Kikubaaqudgha.
  2927 | D:2      | Found a faded altar of an unknown god.
  3873 | D:3      | Found a faded altar of an unknown god.
  4003 | D:3      | HP: 1/23 [leopard gecko (4)]
  4020 | D:3      | Reached XP level 5. HP: 3/26 MP: 6/6
  4047 | D:3      | Noticed Jessica
  5631 | D:3      | Killed Jessica
  6196 | D:3      | Noticed Robin
  7343 | D:4      | Noticed an ogre
  7350 | D:4      | Killed an ogre
  7350 | D:4      | Reached skill level 8 in Stealth
  7350 | D:4      | Reached XP level 6. HP: 28/32 MP: 7/7
  7723 | D:4      | HP: 1/32 [poisoned by an adder]
  7724 | D:4      | Gained mutation: You are resistant to electric shocks. (rElec) [potion of mutation]
  7724 | D:4      | Gained mutation: Your flesh is heat resistant. (rF+) [potion of mutation]
  7726 | D:4      | Slain by an adder

Vault maps used:
D:1:      shiori_arrival_maze, kennysheep_nondescript
D:2:      lemuel_doored_altar, chequers_temple_overflow_minitemple,
          nicolae_overflow_hidden_temple
D:3:      chequers_ecumenical_altar_simple, kennysheep_nub, uniq_jessica,
          uniq_robin
D:4:      minmay_temple_entry_purple_smoke, minmay_misc_feat_four_crosses

Skill      XL: |  1  2  3  4  5 |
---------------+----------------+-----
Stealth        | 6 7 8 |  8.0
Fighting       | 2 |  2.7
Dodging        | 2 3 |  3.8
Short Blades   | 3 |  3.8
Throwing       | 3 |  3.2

Action                   |  1- 3 |  4- 6 || total
-------------------------+-------+-------++-------
Melee: Dagger            |   155 |   439 ||   594
 Fire: Blowgun           |    27 |    19 ||    46
  Use: Scroll            |       |    13 ||    13
       Potion            |       |     4 ||     4
 Stab: Sleeping          |    14 |     6 ||    20
       Distracted        |     1 |     2 ||     3
  Eat: Bread ration      |       |     1 ||     1
Armor: Robe              |    29 |    48 ||    77
Dodge: Dodged            |   119 |   368 ||   487

Table legend:
 A = Spawn XP
 B = Non-spawn XP
 C = Spawn XP percentage of total XP
 D = Spawn monster count
 E = Non-spawn monster count
 F = Spawn count percentage of total count
 G = Total turns spent on level
                    A         B        C        D         E        F      G
               +---------+---------+-------+---------+---------+-------+---------
         Total |       0 |     484 |   0.0 |       0 |     104 |   0.0 |  7726
               +---------+---------+-------+---------+---------+-------+---------
           D:1 |       0 |      60 |   0.0 |       0 |      33 |   0.0 |  1583
           D:2 |       0 |     102 |   0.0 |       0 |      27 |   0.0 |  2994
           D:3 |       0 |     194 |   0.0 |       0 |      38 |   0.0 |  2657
           D:4 |       0 |     128 |   0.0 |       0 |       6 |   0.0 |   492
               +---------+---------+-------+---------+---------+-------+---------
